 Dungeon Crawl Stone Soup version 0.28-a0-1624-g820543e53a (webtiles) character file.

Game seed: 4564754724811526529

565 dolemite99 the Twirler (level 7, -5/50 HPs)
             Began as a Demonspawn Gladiator on Jan 23, 2022.
             Was a Believer of Kikubaaqudgha.
             Slain by an ogre (15 damage)
             ... on level 5 of the Dungeon.
             The game lasted 00:06:00 (7352 turns).

dolemite99 the Twirler (Demonspawn Gladiator)       Turns: 7352, Time: 00:06:00

Health: -5/50      AC:  9    Str: 16    XL:     7   Next: 10%
Magic:  7/7        EV:  7    Int:  9    God:    Kikubaaqudgha [**....]
Gold:   133        SH:  6    Dex: 15    Spells: 6/6 levels left

rFire   . . .      SeeInvis .   a - +0 quarterstaff
rCold   . . .      Faith    .   (shield currently unavailable)
rNeg    . . .      Spirit   .   h - +0 chain mail
rPois   .          Reflect  .   c - +0 helmet
rElec   .          Harm     .   (no cloak)
rCorr   .          Rampage  .   (no gloves)
Will    .....                   (no boots)
Stlth   ..........              (no amulet)
HPRegen 0.16/turn               (no ring)
MPRegen 0.10/turn               (no ring)

@: no status effects
A: large bone plates 2, foul stench 1, demonic magic 1, demonic touch 1
a: Renounce Religion, Receive Corpses


You were on level 5 of the Dungeon.
You worshipped Kikubaaqudgha.
Kikubaaqudgha was pleased with you.
You visited 1 branch of the dungeon, and saw 5 of its levels.

You collected 133 gold pieces.

Inventory:

Hand Weapons
 a - a +0 quarterstaff (weapon)
 b - a +0 fustibalus
 o - a +0 trident
Missiles
 d - 3 throwing nets (quivered)
 f - 66 stones
 k - 4 atropa-tipped darts
 p - 41 arrows
 r - 6 sling bullets
 s - 19 bolts
 w - 2 silver boomerangs
Armour
 c - a +0 helmet (worn)
 h - a +0 chain mail (worn)
 q - a +0 leather armour
Jewellery
 m - an amulet of reflection
 v - a +4 ring of evasion
Scrolls
 i - 2 scrolls of teleportation
 t - a scroll of immolation
Potions
 e - a potion of curing {unknown}
 j - a potion of invisibility {unknown}
 l - 2 potions of flight
 n - a potion of degeneration {unknown}
 u - a potion of haste {unknown}
 x - a potion of resistance {unknown}


   Skills:
 - Level 2.0 Fighting
 + Level 7.5 Staves
 - Level 1.7 Throwing
 - Level 2.6 Dodging


You had 6 spell levels left.
You didn't know any spells.
Your spell library contained the following spells:

 Spells                   Type           Power      Damage    Failure   Level
 Animate Skeleton         Necr           0%         N/A       100%        1
 Corpse Rot               Necr/Air       0%         N/A       100%        2
 Sublimation of Blood     Necr           0%         N/A       100%        2
 Agony                    Necr           0%         N/A       100%        5


Dungeon Overview and Level Annotations

Branches:
Dungeon (5/15)             Temple (0/1) D:4

Altars:
Cheibriados
Kikubaaqudgha
Nemelex Xobeh
Xom
Zin


Innate Abilities, Weirdness & Mutations

You are mostly covered in large bone plates. (SH +6)
You may rarely emit foul miasma when damaged in melee.
Spells you cast may paralyse adjacent enemies.
Your touch may inflict minor irresistible damage on your foes.


Message History

You shoot a sling bullet. The sling bullet hits the ogre!
The ogre is moderately wounded.
You shoot a sling bullet. The sling bullet hits the ogre.
The ogre is moderately wounded.
You shoot a sling bullet.
The sling bullet completely misses the ogre.
You block the ogre's attack.
A gnoll comes into view. It is wielding a +0 whip.
You shoot a sling bullet.
The sling bullet barely misses the ogre.
The gnoll shouts!
The ogre hits you with a +0 giant spiked club.
You shoot a sling bullet. The sling bullet hits the ogre.
The ogre is heavily wounded.
You block the ogre's attack.
You shoot a sling bullet. The sling bullet hits the ogre.
The ogre is heavily wounded.
The gnoll throws a throwing net.
The throwing net hits you.
You become entangled in the net!
The ogre hits you with a +0 giant spiked club!!
You are too injured to fight recklessly!
You are too injured to fight recklessly!
You are too injured to fight recklessly!
You are too injured to fight recklessly!
a - a +0 quarterstaff (weapon)
b - a +0 fustibalus (weapon)
The ogre hits you with a +0 giant spiked club.
You struggle against the net.
The ogre hits you with a +0 giant spiked club!!
* * * LOW HITPOINT WARNING * * *
You feel much better. The gnoll barely misses you.
a - a +0 quarterstaff (weapon)
The ogre hits you with a +0 giant spiked club!!
Ouch! That really hurt!
* * * LOW HITPOINT WARNING * * *
You struggle against the net.
The gnoll hits you but does no damage.
You rip the net and break free!
The ogre hits you with a +0 giant spiked club!
You die...
Kikubaaqudgha rasps: "You have failed me!
Welcome... death!"

.... .(... ..... .....
...((. ....# .....(####
....## .
#..((..#####....# .##
#....(()..##....##..#
#..#...g...#...##..#
#(.....O@.........#.#
#.......##..........
.........####<...####
..........# ##.....#
.........######.....###.
........................
......)...#....###.#...
..##..........###.....
......................


You could see an ogre and a gnoll.

Vanquished Creatures
  A black bear (D:4)
  A gnoll sergeant (D:3)
  An orc priest (D:4)
  A gnoll shaman (D:2)
  2 orc wizards (D:4)
  A hound skeleton (D:4)
  15 gnolls
  2 adders (D:3)
  A river rat (D:3)
  A shadow imp (D:5)
  2 adder skeletons
  5 worms
  3 dart slugs
  8 orcs (D:4)
  6 ball pythons
  3 bats
  6 endoplasms
  7 giant cockroaches
  9 goblins
  7 hobgoblins
  2 jackals (D:5)
  3 quokkas
  A frilled lizard (D:3)
  5 kobolds
  3 rats (D:1)
96 creatures vanquished.

Vanquished Creatures (others)
  5 plants (D:4)
5 creatures vanquished.

Grand Total: 101 creatures vanquished

Notes
Turn   | Place    | Note
-------+----------+-------------------------------------------
     0 | D:1      | dolemite99 the Demonspawn Gladiator began the quest for the
                  | Orb.
     0 | D:1      | Reached XP level 1. HP: 16/16 MP: 1/1
   194 | D:1      | Reached skill level 3 in Staves
   242 | D:1      | Gained mutation: You are partially covered in large bone
                  | plates. (SH +4) [demonic ancestry]
   242 | D:1      | Reached XP level 2. HP: 22/22 MP: 2/2
   930 | D:1      | Found a faded altar of an unknown god.
   958 | D:1      | Prayed at the altar of an unknown god.
   958 | D:1      | Became a worshipper of Kikubaaqudgha
   958 | D:1      | Reached * piety under Kikubaaqudgha
   958 | D:1      | Received a gift from Kikubaaqudgha
  1323 | D:2      | Gained mutation: You are mostly covered in large bone
                  | plates. (SH +6) [demonic ancestry]
  1323 | D:2      | Reached XP level 3. HP: 27/27 MP: 3/3
  1379 | D:2      | Reached skill level 4 in Staves
  2244 | D:3      | Found a shimmering altar of Xom.
  2302 | D:3      | Found a snail-covered altar of Cheibriados.
  2338 | D:3      | Found an ancient bone altar of Kikubaaqudgha.
  2344 | D:3      | Found a sparkling altar of Nemelex Xobeh.
  2564 | D:3      | Gained mutation: Your touch may inflict minor irresistible
                  | damage on your foes. [demonic ancestry]
  2564 | D:3      | Reached XP level 4. HP: 33/33 MP: 4/4
  3694 | D:2      | Reached skill level 5 in Staves
  3866 | D:3      | Reached XP level 5. HP: 35/38 MP: 5/5
  5112 | D:4      | Reached ** piety under Kikubaaqudgha
  5156 | D:3      | Reached skill level 6 in Staves
  5162 | D:3      | Gained mutation: You may rarely emit foul miasma when
                  | damaged in melee. [demonic ancestry]
  5162 | D:3      | Reached XP level 6. HP: 5/44 MP: 6/6
  6128 | D:4      | Reached skill level 7 in Staves
  6666 | D:4      | Found a staircase to the Ecumenical Temple.
  6787 | D:4      | Gained mutation: Spells you cast may paralyse adjacent
                  | enemies. [demonic ancestry]
  6787 | D:4      | Reached XP level 7. HP: 50/50 MP: 7/7
  7039 | D:5      | Entered Level 5 of the Dungeon
  7352 | D:5      | Slain by an ogre

Illustrated notes

Levels and vault maps discovered:
D:1:      dpeg_arrival_tiny_h, layout_rooms,
          hellmonk_ecumenical_altar_leap_of_faith
D:2:      layout_loops_cross, hangedman_decor_opposing, minivault_24
D:3:      layout_basic, nicolae_overflow_hallway_of_the_gods,
          cheibrodos_sewer_entry_sluice, minivault_14,
          chequers_serial_rivers_micro_a, grunt_ministairs_2, minmay_cut_off
D:4:      layout_cave_pools, minmay_temple_entry_gardened_gates
D:5:      layout_cave_pools

Skill      XL: |  1  2  3  4  5  6 |
---------------+-------------------+-----
Staves         | 3 4 5 6 7 |  7.5
Fighting       | |  2.0
Throwing       | |  1.7
Dodging        | |  2.6

Action                   |  1- 3 |  4- 6 |  7- 9 || total
-------------------------+-------+-------+-------++-------
Melee: Quarterstaff      |   117 |   156 |    10 ||   283
 Fire: Fustibalus        |       |    36 |    22 ||    58
  Use: Potion            |       |     3 |     1 ||     4
       Scroll            |       |     5 |       ||     5
Armor: Leather armour    |    13 |       |       ||    13
       Chain mail        |    45 |    68 |     8 ||   121
Dodge: Dodged            |    36 |    51 |     4 ||    91
Block: Other             |    15 |    54 |     5 ||    74

Table legend: (Time is in decaauts)
 A = Elapsed time spent in this place.
 B = Non-inter-level travel time spent in this place.
 C = Inter-level travel time spent in this place.
 D = Time resting spent in this place.
 E = Time spent auto-exploring this place.
 F = Levels seen in this place.
 G = Mean time per level.
                   A        B        C        D        E       F      G
               +--------+--------+--------+--------+--------+-----+--------+
         Total |   7417 |   7248 |    169 |   3860 |   2342 |   5 | 1483.4 |
       Dungeon |   7417 |   7248 |    169 |   3860 |   2342 |   5 | 1483.4 |
               +--------+--------+--------+--------+--------+-----+--------+

Top non-repeatable levels by time:
     D:3: 2502 daAuts
     D:2: 2112 daAuts
     D:4: 1322 daAuts
     D:1: 1164 daAuts
     D:5: 315 daAuts
